 Dungeon Crawl Stone Soup version 0.29-a0-409-gd843f3a48c (webtiles) character file.

Game seed: 7944548218766356758

7 oc3rt the Magician (level 2, -1/15 HPs)
             Began as a Tengu Hedge Wizard on Apr 21, 2022.
             Slain by a gnoll
             ... wielding a +0 spear
              (7 damage)
             ... on level 1 of the Dungeon on May 14, 2022.
             The game lasted 00:03:22 (1176 turns).

oc3rt the Magician (Tengu Hedge Wizard)             Turns: 1176, Time: 00:03:22

Health: -1/15      AC:  3    Str: 10    XL:     2   Next: 0%
Magic:  2/7        EV: 12    Int: 14    God:
Gold:   15         SH:  0    Dex: 13    Spells: 6/7 levels left

rFire   + . .      SeeInvis .   a - +0 dagger
rCold   . . .      Faith    .   (no shield)
rNeg    . . .      Spirit   .   e - +1 robe {rF+}
rPois   .          Reflect  .   c - +0 hat
rElec   .          Harm     .   (no cloak)
rCorr   .          Rampage  .   (no gloves)
Will    .....                   (boots unavailable)
Stlth   ++........              (no amulet)
HPRegen 0.05/turn               f - ring of wizardry
MPRegen 0.10/turn               (no ring)

@: no status effects
A: beak, talons 3
a: no special abilities


You were on level 1 of the Dungeon.
You visited 1 branch of the dungeon, and saw 1 of its levels.

You collected 15 gold pieces.

Inventory:

Hand Weapons
 a - a +0 dagger (weapon)
Armour
 b - a +0 robe
 c - a +0 hat (worn)
 e - a +1 robe of fire resistance (worn)
Jewellery
 f - a ring of wizardry (left hand)
Scrolls
 g - a scroll of amnesia {unknown}
Potions
 d - a potion of magic


   Skills:
 + Level 2.1 Dodging
 + Level 2.1 Stealth
 + Level 3.2 Spellcasting
 + Level 1.3 Conjurations
 + Level 1.5 Summonings
 + Level 0.7 Translocations


You had 6 spell levels left.
You knew the following spells:

 Your Spells              Type           Power      Damage    Failure   Level
a - Magic Dart            Conj           24%        1d4       4%          1

Your spell library contained the following spells:

 Spells                   Type           Power      Damage    Failure   Level
 Call Imp                 Summ           6%         N/A       7%          2
 Sandblast                Erth           4%         2d4       9%          1
 Slow                     Hex            8%         N/A       9%          1
 Blink                    Tloc           8%         N/A       10%         2
 Passwall                 Tmut/Erth      1%         N/A       13%         2
 Conjure Flame            Conj/Fire      4%         6-21      19%         3
 Stone Arrow              Conj/Erth      8%         3d7       19%         3
 Mephitic Cloud           Conj/Pois/Air  3%         N/A       21%         3
 Portal Projectile        Hex/Tloc       6%         N/A       21%         3
 Blade Hands              Tmut           1%         N/A       90%         5
 Excruciating Wounds      Necr           1%         N/A       90%         5


Dungeon Overview and Level Annotations

Branches:
Dungeon (1/15)

Altars:


Innate Abilities, Weirdness & Mutations

You have a beak for a mouth.
You have claws for feet.


Message History

Press: ? - help, Q - select action Shift-Dir - straight line, f - you That beam is likely to hit you.
Continue anyway?
Okay, then.
You see here a bat corpse.
You open the door.
There is an open door here.
g - a scroll labelled FOYHEAM JUSEUT A gnoll comes into view.
It is wielding a +0 spear.
A gnoll is nearby!
A gnoll is nearby!
A gnoll is nearby!
Aiming: Magic Dart (safe; 4% risk of failure)
Press: ? - help, Q - select action Shift-Dir - straight line, f - gnoll
Aim: a gnoll, wielding a +0 spear (asleep, 100% to hit)
The magic dart hits the gnoll but does no damage.
The gnoll shouts!
Aiming: Magic Dart (safe; 4% risk of failure)
Press: ? - help, Q - select action Shift-Dir - straight line, f/p - gnoll
Aim: a gnoll, wielding a +0 spear (100% to hit)
The magic dart hits the gnoll but does no damage.
Unknown command.
Aiming: Magic Dart (safe; 4% risk of failure)
Press: ? - help, Q - select action Shift-Dir - straight line, f/p - gnoll
Aim: a gnoll, wielding a +0 spear (100% to hit)
The magic dart hits the gnoll.
The gnoll is lightly wounded.
The gnoll hits you from afar with a +0 spear!
Aiming: Magic Dart (safe; 4% risk of failure)
Press: ? - help, Q - select action Shift-Dir - straight line, f/p - gnoll
Aim: a gnoll, wielding a +0 spear (lightly wounded, 100% to hit)
The magic dart hits the gnoll.
The gnoll is moderately wounded.
The gnoll hits you from afar with a +0 spear.
Aiming: Magic Dart (safe; 4% risk of failure)
Press: ? - help, Q - select action Shift-Dir - straight line, f/p - gnoll
Aim: a gnoll, wielding a +0 spear (moderately wounded, 100% to hit)
The magic dart hits the gnoll but does no damage.
The gnoll is moderately wounded.
The gnoll hits you from afar with a +0 spear!
You die...

#..#......#### #.##.###.
#............. .. #.##.###.
###[#....#..### . #.##.....
......#.##..# ##. #.###....
###.........# #.. #.# #.###
#####.###.# #.# #.###.#PP
##'###.###.###.# #.....#P⌠
##...##..g......# #####.#PP
##.....## #@### ##.### #
##.......## #.#.## #..+..
####.........###....########..###
...'..........................#PP
####.........###.....########.#P⌠
# ##........# #.#.#.# #.#PP #
##.....#.# #.###.# #.### #
##...##.# #...#.# #.... # ##+## #
#.#.#.# ####.


You could see a gnoll.

Vanquished Creatures
  2 endoplasms (D:1)
  A hobgoblin (D:1)
  A quokka (D:1)
  A bat (D:1)
  A rat (D:1)
6 creatures vanquished.

Notes
Turn   | Place    | Note
-------+----------+-------------------------------------------
     0 | D:1      | oc3rt the Tengu Hedge Wizard began the quest for the Orb.
     0 | D:1      | Reached XP level 1. HP: 10/10 MP: 5/5
     0 | D:1      | Upgraded the game from 0.29-a0-344-ge2f44be95a to
                  | 0.29-a0-409-gd843f3a48c
  1028 | D:1      | Reached XP level 2. HP: 15/15 MP: 5/7
  1176 | D:1      | Slain by a gnoll

Illustrated notes

Levels and vault maps discovered:
D:1:      beargit_arrival_greenhouse, layout_loops_corners, nrook_uturn

Action                   || total
-------------------------++-------
Melee: Dagger            ||     5
       Peck              ||     1
 Cast: Magic Dart        ||    16
Armor: Robe              ||     3
Dodge: Dodged            ||     5

Table legend: (Time is in decaauts)
 A = Elapsed time spent in this place.
 B = Non-inter-level travel time spent in this place.
 C = Inter-level travel time spent in this place.
 D = Time resting spent in this place.
 E = Time spent auto-exploring this place.
 F = Levels seen in this place.
 G = Mean time per level.
                   A        B        C        D        E       F      G
               +--------+--------+--------+--------+--------+-----+--------+
         Total |   1175 |   1175 |      0 |    714 |     91 |   1 | 1175.0 |
       Dungeon |   1175 |   1175 |      0 |    714 |     91 |   1 | 1175.0 |
               +--------+--------+--------+--------+--------+-----+--------+

Top non-repeatable levels by time:
     D:1: 1175 daAuts
